[Event "*** Titled Tuesday Blitz"]
[Site "Chess.com"]
[Date "2021.04.06"]
[Round "3"]
[White "Kobalia"]
[Black "SanchezKelvin"]
[Result "1-0"]
[WhiteElo "2764"]
[BlackElo "2533"]
[TimeControl "180+1"]
[EndTime "10:27:44 PDT"]
[Termination "Kobalia won by resignation"]

1. e4 c5 2. Nf3 d6 3. Bb5+ Nd7 4. c3 Nf6 5. Qe2 a6 6. Ba4 b5 7. Bc2 Bb7 8. O-O e6 9. d4 Be7 10. Re1 Rc8 11. Bd3 c4 12. Bc2 e5 13. Nbd2 O-O 14. Nf1 Re8 15. Ng3 Bf8 16. h3 d5 17. dxe5 Nxe5 18. Nxe5 Rxe5 19. Bf4 Re8 20. e5 Nd7 21.
Qg4 Nc5 22. Nf5 Kh8 23. Rad1 Ne6 24. Nd6 Bxd6 25. exd6 Qd7 26. Be5 Kg8 27. Bxg7 Nxg7 28.
Qxd7 1-0

[Event "*** Titled Tuesday Blitz"]
[Site "Chess.com"]
[Date "2021.04.06"]
[Round "3"]
[White "Spencenzug"]
[Black "djano"]
[Result "1/2-1/2"]
[WhiteElo "2261"]
[BlackElo "2472"]
[TimeControl "180+1"]
[EndTime "10:27:45 PDT"]
[Termination "Game drawn by repetition"]

1. e4 e5 2. Nf3 Nc6 3. d4 exd4 4. Nxd4 Bb4+ 5. c3 Bc5 6. Nf5 g6 7.
Be3 Bb6 8. Bxb6 axb6 9. Ne3 Nf6 10. Nd2 Qe7 11. Bd3 Ne5 12. Be2 d6 13. O-O h5 14. h3 Bd7 15. f4 Nc6 16. Bf3 O-O 17.
Nd5 Qd8 18. Qc2 Nxd5 19. exd5 Ne7 20. Be4 Bf5 21. Nf3 Qd7 22. c4 Rfe8 23. Ng5 c6 24. a3 cxd5 25. cxd5 Nxd5 26. Bxf5 Qxf5 27. Qxf5 gxf5 28.
Rfd1 Nxf4 29. Rxd6 Re2 30. g3 Ne6 31. Nxe6 fxe6 32.
Rxb6 Rd8 33. Rc1 Rdd2 34. Rxb7 Rg2+ 35. Kf1 Rdf2+ 36. Ke1 Re2+ 37. Kf1 Rgf2+ 38. Kg1 Rg2+ 39. Kf1 Rgf2+ 40. Kg1 Rg2+ 41. Kf1 1/2-1/2

[Event "*** Titled Tuesday Blitz"]
[Site "Chess.com"]
[Date "2021.04.06"]
[Round "3"]
[White "FMnotanIM"]
[Black "GMSrinath"]
[Result "0-1"]
[WhiteElo "2598"]
[BlackElo "2821"]
[TimeControl "180+1"]
[EndTime "10:27:48 PDT"]
[Termination "GMSrinath won by resignation"]

1. e4 c6 2. d4 d5 3. exd5 cxd5 4. c4 Nf6 5. Nc3 Nc6 6. Nf3 e6 7. Bg5 Be7 8. c5 O-O 9. Bb5 Bd7 10. O-O b6 11.
Bxc6 Bxc6 12. Ne5 Be8 13. b4 h6 14. Bf4 Ne4 15. Nxe4 dxe4 16. Re1 Qd5 17. Qd2 f6 18. Ng4 Qf5 19. h3 h5 20. Nh2 Rd8 21. Qe3 Bc6 22.
cxb6 axb6 23. Bc7 Ra8 24. a3 Qb5 25. Qe2 Qxe2 26. Rxe2 Bxb4 27. Bxb6 Rxa3 28. Rxa3 Bxa3 29. Ra2 Bb4 30. Nf1 Rb8 31. Bc5 Bxc5 32. dxc5 Rb1 33. Ra6 Rxf1+ 34. Kh2 Bd5 0-1

[Event "*** Titled Tuesday Blitz"]
[Site "Chess.com"]
[Date "2021.04.06"]
[Round "3"]
[White "Agibileg"]
[Black "Handszar"]
[Result "1-0"]
[WhiteElo "2557"]
[BlackElo "2367"]
[TimeControl "180+1"]
[EndTime "10:27:48 PDT"]
[Termination "Agibileg won on time"]

1. d4 Nf6 2. c4 c5 3. d5 b5 4. cxb5 a6 5. b6 d6 6. Nc3 Nbd7 7. a4 a5 8. e4 g6 9. Nf3 Bg7 10. Nd2 O-O 11. Be2 Nxb6 12. O-O Ba6 13. Bxa6 Rxa6 14.
Qc2 c4 15. Nb5 Qc8 16. Ra3 Nfd7 17. Nf3 Qc5 18. Be3 Qb4 19. Bd4 Nc5 20. Bc3 Bxc3 21. bxc3 Qb3 22. Rxb3 cxb3 23. Qc1 Nbxa4 24. Qh6 f6 25.
Nc7 Rb6 26. Qe3 b2 27. Rb1 Rb3 28. h3 1-0

[Event "*** Titled Tuesday Blitz"]
[Site "Chess.com"]
[Date "2021.04.06"]
[Round "3"]
[White "BvsN"]
[Black "Orzechowski_Jacek"]
[Result "1/2-1/2"]
[WhiteElo "2450"]
[BlackElo "2214"]
[TimeControl "180+1"]
[EndTime "10:27:49 PDT"]
[Termination "Game drawn by repetition"]

1. c4 Nf6 2. Nc3 g6 3. e4 d6 4. d4 Bg7 5. Nge2 O-O 6. f3 c5 7. d5 e6 8. Ng3 exd5 9. cxd5 a6 10. a4 Nbd7 11. Be2 Rb8 12. O-O Ne8 13. Bf4 Ne5 14.
Qd2 Nc7 15. Rab1 b5 16. axb5 Nxb5 17. Nxb5 axb5 18. b4 c4 19. Be3 Ra8 20. Bd4 Ra3 21.
f4 Nd3 22. Bxg7 Qb6+ 23. Kh1 Kxg7 24. Bxd3 Rxd3 25. Qc1 Qe3 26. Qc2 Qd2 27. Qxd2 Rxd2 28. Rbd1 Rb2 29. Rb1 Rd2 30. Rfd1 Rf2 31. Rf1 Rd2 1/2-1/2

[Event "*** Titled Tuesday Blitz"]
[Site "Chess.com"]
[Date "2021.04.06"]
[Round "3"]
[White "Ginger_GM"]
[Black "Eltaj_Safarli"]
[Result "0-1"]
[WhiteElo "2560"]
[BlackElo "2899"]
[TimeControl "180+1"]
[EndTime "10:27:50 PDT"]
[Termination "Eltaj_Safarli won by resignation"]

1. d4 Nf6 2. Nf3 g6 3. Bf4 Bg7 4. Qc1 c5 5. c3 cxd4 6. cxd4 Nc6 7. Bh6 Bxh6 8. Qxh6 Qb6 9. Nbd2 d6 10. e3 Bf5 11.
Bc4 d5 12. Be2 Qxb2 13. O-O Rc8 14. a4 a6 15. Rfe1 Nb4 16. Nf1 Bd3 17. Ng3 Bxe2 18. Nxe2 Nd3 19. Rab1 Qc2 20. Qg7 Rg8 21. Qh6 g5 22. Ng3 Qxf2+ 23. Kh1 Nxe1 24. Rxe1 Rc2 25. Rg1 Qxe3 26. Ne5 Qxe5 27. dxe5 Ng4 28. Qb6 0-1

[Event "*** Titled Tuesday Blitz"]
[Site "Chess.com"]
[Date "2021.04.06"]
[Round "3"]
[White "secretsuperstar7"]
[Black "scandalgod"]
[Result "0-1"]
[WhiteElo "2202"]
[BlackElo "2506"]
[TimeControl "180+1"]
[EndTime "10:27:51 PDT"]
[Termination "scandalgod won on time"]

1. d4 d5 2. c4 c6 3. Nf3 Nf6 4. e3 Bf5 5. Nc3 e6 6. Bd3 Bxd3 7. Qxd3 Bb4 8. a3 Be7 9. O-O Nbd7 10. b4 O-O 11. c5 b6 12. Nd2 bxc5 13. bxc5 Rb8 14.
f3 Qa5 15. Rb1 e5 16. Nb3 Qc7 17. Bd2 Rfe8 18. a4 Bf8 19. a5 g6 20. a6 Bg7 21.
Ne2 e4 22. Qc2 exf3 23. gxf3 Nf8 24. Na5 Qd7 25. Rb7 Qh3 26. Nf4 Qh4 27. Ng2 Qh5 28. Qb3 Ra8 29. Nxc6 Ne6 30. Ne7+ Kh8 31. c6 Bf8 32. Nxd5 Nxd5 0-1

[Event "*** Titled Tuesday Blitz"]
[Site "Chess.com"]
[Date "2021.04.06"]
[Round "3"]
[White "Redzishchess"]
[Black "Bulldog167"]
[Result "0-1"]
[WhiteElo "2354"]
[BlackElo "2784"]
[TimeControl "180+1"]
[EndTime "10:27:53 PDT"]
[Termination "Bulldog167 won by resignation"]

1. d4 f5 2. g3 Nf6 3. Bg2 d5 4.
Nf3 e6 5. O-O Bd6 6. c4 c6 7.
Nbd2 O-O 8. b3 Nbd7 9. Bb2 Ne4 10. Qc2 Qe7 11. a3 b6 12. b4 Bb7 13. Ne5 Rac8 14. Nxd7 Qxd7 15. Nxe4 fxe4 16. c5 bxc5 17. bxc5 Be7 18.
f4 Ba6 19. Bc3 Rb8 20. Rfb1 Bc4 21. Bf1 g5 22. e3 gxf4 23. Bxc4 dxc4 24. exf4 Qd5 25.
Rb4 a5 26. Rb2 Rb3 27. Rab1 a4 28. Kf2 Bf6 29. Ke3 Qxd4+ 30. Ke2 Rxc3 0-1

[Event "*** Titled Tuesday Blitz"]
[Site "Chess.com"]
[Date "2021.04.06"]
[Round "3"]
[White "Torrentec"]
[Black "bylavochka"]
[Result "1/2-1/2"]
[WhiteElo "2436"]
[BlackElo "2231"]
[TimeControl "180+1"]
[EndTime "10:27:53 PDT"]
[Termination "Game drawn by repetition"]

1. e4 c5 2. Nf3 d6 3. Bb5+ Bd7 4.
Bxd7+ Qxd7 5. O-O Nc6 6. Re1 e6 7.
c3 Nf6 8. d4 cxd4 9. cxd4 d5 10. exd5 Nxd5 11. Nc3 Be7 12. Ne5 Nxe5 13. Rxe5 Nxc3 14.
bxc3 Rc8 15. Bd2 Bd6 16. Rg5 g6 17. h4 h5 18. Qf3 Be7 19. Re5 Bd6 20. Re2 Be7 21.
Rae1 Rc6 22. d5 Ra6 23. dxe6 Rxe6 24. Rxe6 fxe6 25. Qe4 Qxd2 26. Qxe6 Qd7 27. Qxg6+ Kd8 28. Re4 Kc8 29. Rd4 Qc7 30. Qe6+ Kb8 31. Rd7 Qxc3 32.
Qxe7 Qc1+ 33. Kh2 Qf4+ 34. Kh3 Qg4+ 35. Kh2 Qf4+ 36. Kh1 Qc1+ 37. Kh2 Qf4+ 1/2-1/2

[Event "*** Titled Tuesday Blitz"]
[Site "Chess.com"]
[Date "2021.04.06"]
[Round "3"]
[White "MoonlighT89"]
[Black "ViditYT"]
[Result "0-1"]
[WhiteElo "2596"]
[BlackElo "2937"]
[TimeControl "180+1"]
[EndTime "10:27:54 PDT"]
[Termination "ViditYT won by resignation"]

1. e4 c5 2. Nf3 d6 3. d4 cxd4 4. Nxd4 Nf6 5. Nc3 Nc6 6. Bg5 e6 7.
Qd2 a6 8. O-O-O Bd7 9. Kb1 b5 10. a3 Be7 11. f4 h6 12. Bh4 g5 13. fxg5 Ng4 14. Nxc6 Bxc6 15. Be2 Ne5 16. Rhf1 hxg5 17. Bg3 Qb6 18. Bxe5 dxe5 19. Nd5 exd5 20. exd5 Bb7 21. d6 Rd8 22. d7+ Kf8 23. Qd3 Kg7 24. Qf5 Qe6 25. Qf2 f6 26. Qa7 Rxd7 27. Rxd7 Qxd7 28. Bf3 Bc6 0-1

[Event "*** Titled Tuesday Blitz"]
[Site "Chess.com"]
[Date "2021.04.06"]
[Round "3"]
[White "Leo_C"]
[Black "MVM2008"]
[Result "1/2-1/2"]
[WhiteElo "2393"]
[BlackElo "2123"]
[TimeControl "180+1"]
[EndTime "10:27:54 PDT"]
[Termination "Game drawn by repetition"]

1. d4 Nf6 2. Bf4 e6 3. e3 d5 4. c4 Bb4+ 5. Nc3 Nc6 6. Nf3 dxc4 7. Bxc4 Nd5 8. Bxd5 exd5 9. O-O O-O 10. Rc1 Ne7 11. Ne2 c6 12. a3 Bd6 13. Bxd6 Qxd6 14. Ng3 Nf5 15. Ne5 Nxg3 16. hxg3 f6 17. Nd3 Bf5 18.
Nc5 b6 19. Nd3 Rac8 20. g4 Bxd3 21. Qxd3 c5 22. dxc5 Rxc5 23. b4 Rxc1 24. Rxc1 Rd8 25. Qd4 Kf7 26. g3 Rd7 27. Qd3 g6 28. Rc8 d4 29.
Qxd4 Qxd4 30. exd4 Ke6 31. Kf1 Kd5 32. Rc1 Re7 33.
Rd1 Re4 34. Rc1 Re7 35. Rd1 Re4 36. Rc1 Re7 1/2-1/2

[Event "*** Titled Tuesday Blitz"]
[Site "Chess.com"]
[Date "2021.04.06"]
[Round "3"]
[White "viktorgen2021"]
[Black "Alex_Molchanov"]
[Result "1-0"]
[WhiteElo "2277"]
[BlackElo "2502"]
[TimeControl "180+1"]
[EndTime "10:27:55 PDT"]
[Termination "viktorgen2021 won on time"]

1. d4 Nf6 2. Nf3 g6 3. g3 Bg7 4.
Bg2 O-O 5. O-O d6 6. a4 c6 7. Nc3 Nbd7 8. e4 e5 9. h3 Qc7 10. Re1 a5 11. Be3 Re8 12. Qd2 b6 13. Rad1 d5 14. exd5 e4 15. dxc6 exf3 16. cxd7 Bxd7 17.
Bxf3 Bxh3 18. Bxa8 Rxa8 19. Bf4 Qb7 20. d5 Rd8 21.
Qd3 Bf5 22. Qe3 Bxc2 23. Rd2 Bf5 24. f3 h5 25. Red1 Bf8 26. Kg2 Bc5 27. Qe5 Nd7 28.
Qe2 Bb4 29. g4 hxg4 30. fxg4 Bxc3 31. bxc3 Bxg4 32. Qxg4 Nf6 33. Qf3 Nh5 34. c4 Rc8 35.
Rd4 Qd7 36. Bg3 Ng7 37. Re4 Nf5 38. Rde1 Qxa4 39. Qe2 Qd7 40. Re8+ Kh7 41. Rxc8 Qxc8 42. Rh1+ Kg8 43. Qe5 Ng7 44. Re1 a4 45. Qc3 1-0

[Event "*** Titled Tuesday Blitz"]
[Site "Chess.com"]
[Date "2021.04.06"]
[Round "3"]
[White "retropwr"]
[Black "esrosenberg"]
[Result "1-0"]
[WhiteElo "2432"]
[BlackElo "2210"]
[TimeControl "180+1"]
[EndTime "10:27:55 PDT"]
[Termination "retropwr won on time"]

1. c4 e5 2. Nc3 Bb4 3. Nd5 Be7 4. d4 c6 5. Nxe7 Qxe7 6. e4 h6 7. Ne2 Nf6 8. Nc3 Na6 9. f3 exd4 10. Qxd4 Nc5 11.
Be3 d6 12. O-O-O O-O 13. Qxd6 Qxd6 14. Rxd6 Ne6 15. Be2 Ne8 16. Rd2 b6 17. Rhd1 Ba6 18. b3 Nf6 19. f4 Rfe8 20. e5 Nh7 21. Bf3 Rac8 22. Ne4 Rf8 23. c5 Nxc5 24. Nxc5 bxc5 25. Bxc5 Rfe8 26. Bxa7 Nf8 27. Rd6 Ne6 28. Be3 Bb5 29. a4 Ba6 30. Kb2 g5 31. g3 gxf4 32. gxf4 Kg7 33. Rxc6 Rxc6 34. Bxc6 Rb8 35. Bd5 Be2 36. Rg1+ Kh8 37. f5 Ng5 38. Bxg5 hxg5 39. Rxg5 Bd1 40.
Bxf7 Kh7 41. Bc4 Kh6 42. Rg3 Kh5 43. f6 Kh4 44. e6 Bh5 45. f7 Rf8 46. e7 Bxf7 47.
exf8=Q Bh5 48. Qf4+ 1-0

[Event "*** Titled Tuesday Blitz"]
[Site "Chess.com"]
[Date "2021.04.06"]
[Round "3"]
[White "AldokhinIvan"]
[Black "NikolaGry"]
[Result "1-0"]
[WhiteElo "2515"]
[BlackElo "2710"]
[TimeControl "180+1"]
[EndTime "10:27:56 PDT"]
[Termination "AldokhinIvan won by resignation"]

1. e4 e5 2. Nf3 d6 3. d4 exd4 4. Nxd4 Nf6 5. Nc3 g6 6. Bg5 Bg7 7. Qd2 h6 8. Bf4 g5 9. Bg3 Nh5 10. O-O-O Nc6 11. Nf5 Bxf5 12. exf5 O-O 13. Nd5 Ne5 14. Be2 Nxg3 15. hxg3 c6 16. f6 cxd5 17. fxg7 Kxg7 18. f4 Ng6 19. Bd3 Rc8 20. Rdf1 Qf6 21. Rxh6 gxf4 22. Rh5 Rh8 23. Rxd5 Qe6 24. Bxg6 Qxg6 25.
gxf4 Rh2 26. Rg5 1-0

[Event "*** Titled Tuesday Blitz"]
[Site "Chess.com"]
[Date "2021.04.06"]
[Round "3"]
[White "ARMQUEEN"]
[Black "Klavdia_Nik"]
[Result "1-0"]
[WhiteElo "2311"]
[BlackElo "2025"]
[TimeControl "180+1"]
[EndTime "10:27:57 PDT"]
[Termination "ARMQUEEN won on time"]

1. e4 g6 2. d4 Bg7 3. Nc3 d6 4. f4 c6 5. Nf3 Nf6 6. Bd3 O-O 7. O-O b5 8. a3 Bb7 9. e5 Ne8 10. Qe2 Nc7 11. Ne4 a5 12. c3 Nd5 13. Ng3 e6 14. Bd2 Nd7 15. h4 h5 16. Nxh5 gxh5 17. Ng5 f5 18. exf6 Rxf6 19. Qxh5 Nf8 20. Rae1 Qe8 21.
Bh7+ Nxh7 22. Qxh7+ Kf8 23. Qe4 Bc8 24. f5 Qh5 25.
fxe6 Ke7 26. Nh7 Rxf1+ 27. Kxf1 Nf6 28. Bg5 1-0

[Event "*** Titled Tuesday Blitz"]
[Site "Chess.com"]
[Date "2021.04.06"]
[Round "3"]
[White "AlexTriapishko"]
[Black "Tsyhanchuk_Stanislav"]
[Result "1-0"]
[WhiteElo "2817"]
[BlackElo "2472"]
[TimeControl "180+1"]
[EndTime "10:27:58 PDT"]
[Termination "AlexTriapishko won on time"]

1. Nf3 c5 2. e3 Nf6 3. d4 g6 4. Be2 Bg7 5. O-O O-O 6. dxc5 Na6 7. Bxa6 bxa6 8. Bd2 Qc7 9. Bc3 Qxc5 10. Qd4 Qc7 11. Nbd2 d6 12. Qc4 Qxc4 13. Nxc4 Rb8 14. Na5 Bd7 15.
Bd4 Ne4 16. Bxg7 Kxg7 17. b3 Rfc8 18. c4 Rc5 19. b4 Rxb4 20. Nb3 Rcxc4 21. h3 Rc2 22.
Nfd4 Rb2 23. Rfb1 1-0

[Event "*** Titled Tuesday Blitz"]
[Site "Chess.com"]
[Date "2021.04.06"]
[Round "3"]
[White "elvidirris"]
[Black "ural58"]
[Result "0-1"]
[WhiteElo "2063"]
[BlackElo "2483"]
[TimeControl "180+1"]
[EndTime "10:27:59 PDT"]
[Termination "ural58 won by resignation"]

1. e4 d5 2. exd5 Qxd5 3. Nc3 Qa5 4. d4 Nf6 5. Bc4 Bg4 6. f3 Be6 7. Bxe6 fxe6 8. Qe2 Nc6 9. Be3 Nd5 10. Bd2 Nxd4 11.
Qe4 Nb4 12. Rc1 O-O-O 13. a3 Nbc6 14. Nge2 Qf5 15. O-O g6 16. Nxd4 Rxd4 17. Qe2 Bg7 18. Be3 Rd7 19. Ne4 Rhd8 20. Nc5 Nd4 21. Qc4 Rd5 22.
Qb4 Rxc5 23. Bxd4 Rxd4 24. Qe1 Rcd5 25. Rf2 Bf6 26. Re2 Kd7 27. c3 Rd3 28. Re4 Bg5 29. Rb1 Rd2 30. h4 Bh6 31. Re2 Rxe2 32. Qxe2 Qxb1+ 0-1

[Event "*** Titled Tuesday Blitz"]
[Site "Chess.com"]
[Date "2021.04.06"]
[Round "3"]
[White "jonaszmb"]
[Black "DarZay"]
[Result "1-0"]
[WhiteElo "2498"]
[BlackElo "2185"]
[TimeControl "180+1"]
[EndTime "10:28:01 PDT"]
[Termination "jonaszmb won by resignation"]

1. Nf3 Nf6 2. c4 e6 3. b3 d5 4. Bb2 c5 5. e3 Be7 6. cxd5 exd5 7. d4 O-O 8. dxc5 Bxc5 9. Nbd2 Ne4 10. Rc1 b6 11.
Bd3 f5 12. O-O Bb7 13. a3 Nd7 14. b4 Bd6 15. Nb3 Ng5 16. Nbd4 Ne5 17. Nxe5 Bxe5 18. f4 Bxd4 19. Bxd4 Ne4 20. Bxe4 dxe4 21. Qb3+ Bd5 22. Qc3 Rc8 23. Qb2 Qe7 24. h3 Bc4 25. Rfd1 Bd3 26.
Qb3+ Kh8 27. Kh2 b5 28. Bc5 Rxc5 29. Rxc5 h5 30. Qc3 Qe6 31. Rc6 Qa2 32. Rh6+ Kg8 33. Rxh5 Rf6 34. Rg5 Qe2 35. Qxf6 1-0

[Event "*** Titled Tuesday Blitz"]
[Site "Chess.com"]
[Date "2021.04.06"]
[Round "3"]
[White "ecwinslow"]
[Black "beautroll"]
[Result "0-1"]
[WhiteElo "2205"]
[BlackElo "2458"]
[TimeControl "180+1"]
[EndTime "10:28:01 PDT"]
[Termination "beautroll won on time"]

1. e4 c5 2. Nf3 d6 3. d4 cxd4 4.
Nxd4 Nf6 5. Nc3 a6 6. Bg5 Nbd7 7. Qe2 Qa5 8. Bd2 Qb6 9. Nb3 e6 10. g4 h6 11. h4 Be7 12. O-O-O Qc7 13. Bh3 Nb6 14.
g5 hxg5 15. hxg5 Nh7 16. g6 fxg6 17. Nd4 Nf8 18. Bg4 Rxh1 19. Rxh1 Nc4 20. Rh8 Nxd2 21. Qxd2 Kf7 22. f4 Bf6 23. Nce2 b5 24. Bf3 Bb7 25. Kb1 Rc8 26. c3 Qb6 0-1

[Event "*** Titled Tuesday Blitz"]
[Site "Chess.com"]
[Date "2021.04.06"]
[Round "3"]
[White "DinaBelenkaya"]
[Black "swisspower96"]
[Result "0-1"]
[WhiteElo "2354"]
[BlackElo "2552"]
[TimeControl "180+1"]
[EndTime "10:28:02 PDT"]
[Termination "swisspower96 won by checkmate"]

1. e4 c5 2. Nc3 Nc6 3. g3 g6 4. Bg2 Bg7 5. Nge2 Rb8 6. d3 b5 7. Be3 b4 8. Nd5 e6 9. Bxc5 d6 10. Nxb4 Nxb4 11. Bxa7 Nxc2+ 12. Qxc2 Qa5+ 13. Nc3 Rxb2 14.
Qa4+ Qxa4 15. Nxa4 Rb7 16. Rc1 Bd7 17. Bb6 Bxa4 18.
Rc8+ Kd7 19. Rd8+ Ke7 20. Ra8 Rxb6 21. Rxa4 Bc3+ 22. Ke2 Nf6 23. Rc1 Rc8 24. Ra7+ Nd7 25. Ra3 Bb2 26. Rxc8 Bxa3 27. Rc2 e5 28. f4 Nc5 29. fxe5 dxe5 30. Bh3 Rb2 31. Kd1 Nxd3 32.
Rc7+ Kf6 33. Rc6+ Kg7 34. Ra6 Bb4 35. Rd6 Rd2# 0-1

[Event "*** Titled Tuesday Blitz"]
[Site "Chess.com"]
[Date "2021.04.06"]
[Round "3"]
[White "Dave_ChessMate"]
[Black "Fy_Rakotomaharo"]
[Result "0-1"]
[WhiteElo "2484"]
[BlackElo "2693"]
[TimeControl "180+1"]
[EndTime "10:28:03 PDT"]
[Termination "Fy_Rakotomaharo won on time"]

1. e4 c5 2. Nc3 a6 3. f4 e6 4. Nf3 b5 5. g3 Bb7 6. d3 b4 7. Ne2 d5 8. e5 d4 9. Bg2 h5 10. O-O Nh6 11. a3 a5 12. axb4 axb4 13. Rxa8 Bxa8 14. c3 dxc3 15. bxc3 Be7 16. h3 O-O 17. cxb4 cxb4 18. Be3 Bd5 19. Ned4 Nc6 20. Kh2 Nxd4 21. Nxd4 Bxg2 22. Kxg2 Qd5+ 23. Qf3 Rd8 24. Qxd5 Rxd5 25. Nc6 Nf5 26. Bf2 Bf8 27. Rb1 Rxd3 28. Nxb4 Rd2 29. Nc6 Bc5 30. Rf1 Ne3+ 31. Kg1 Nxf1 32.
Bxc5 Nxg3 33. Be3 Re2 34. Bf2 h4 0-1

[Event "*** Titled Tuesday Blitz"]
[Site "Chess.com"]
[Date "2021.04.06"]
[Round "3"]
[White "Iskusnyh"]
[Black "2346PL"]
[Result "0-1"]
[WhiteElo "2641"]
[BlackElo "2487"]
[TimeControl "180+1"]
[EndTime "10:28:03 PDT"]
[Termination "2346PL won on time"]

1. d4 f5 2. c4 Nf6 3. Nf3 g6 4. e3 Bg7 5. Be2 O-O 6. O-O d6 7. Nc3 Nc6 8. d5 Ne5 9. Nxe5 dxe5 10. b4 a5 11. b5 e4 12. Bb2 e5 13. c5 f4 14. Bc4 Kh8 15. d6 Bg4 16. dxc7 Qxc7 17. Qd6 Qxd6 18. cxd6 Rac8 19. Bb3 Rfd8 20. h3 Bd7 21.
Rfd1 f3 22. Na4 Bxb5 23. Nb6 Rc6 24. Nd5 Rcxd6 25. Nxf6 Bxf6 26. Rxd6 Rxd6 27. Rc1 a4 28. Bc4 Bxc4 29. Rxc4 Rd1+ 30. Kh2 Rd2 31. Rb4 Rxf2 32. Kg1 Rxg2+ 33. Kf1 a3 34. Bxa3 Rxa2 35. Bb2 Kg7 36. Rxb7+ Kh6 37. Rb6 Kg5 0-1

[Event "*** Titled Tuesday Blitz"]
[Site "Chess.com"]
[Date "2021.04.06"]
[Round "3"]
[White "crazy_but_lazy"]
[Black "albi1999"]
[Result "1-0"]
[WhiteElo "2433"]
[BlackElo "2591"]
[TimeControl "180+1"]
[EndTime "10:28:03 PDT"]
[Termination "crazy_but_lazy won by checkmate"]

1. d4 Nf6 2. c4 e6 3. Nf3 d5 4. g3 Bb4+ 5. Nbd2 dxc4 6. Bg2 b5 7. O-O O-O 8. a4 c6 9. Ne1 Nd5 10. Nc2 Be7 11. e4 Nf6 12. g4 Bb7 13. e5 Nd5 14. Ne4 Nd7 15. g5 a6 16. Qh5 Kh8 17. f4 c5 18. Rf3 Rg8 19. Rh3 Nf8 20. Qxf7 cxd4 21.
Nd6 Bxd6 22. exd6 Qxd6 23. Qxb7 Ng6 24. Bxd5 exd5 25. axb5 d3 26. Nd4 Rae8 27. Rxa6 Qc5 28. Qa7 Qb4 29. Nf3 Re1+ 30. Kf2 Re2+ 31. Kg3 d2 32.
Rxg6 d1=Q 33. Rxh7+ Kxh7 34. Rh6# 1-0

[Event "*** Titled Tuesday Blitz"]
[Site "Chess.com"]
[Date "2021.04.06"]
[Round "3"]
[White "TigrVShlyape"]
[Black "suyu28"]
[Result "1-0"]
[WhiteElo "2808"]
[BlackElo "2592"]
[TimeControl "180+1"]
[EndTime "10:28:04 PDT"]
[Termination "TigrVShlyape won by resignation"]

1. d4 d5 2. Nf3 Nf6 3. Bf4 c5 4. e3 Nc6 5. Nbd2 cxd4 6. exd4 Bg4 7. c3 e6 8. Bd3 Bd6 9. Bg3 O-O 10. O-O Qc7 11.
Re1 a6 12. a4 Rab8 13. Bxd6 Qxd6 14. a5 Rfe8 15. Qa4 Qc7 16. Ne5 Bh5 17. Nxc6 bxc6 18. b4 Qb7 19. Nb3 Nd7 20. Nc5 Nxc5 21. bxc5 Bg6 22.
Rab1 Qxb1 23. Bxb1 Bxb1 24. Qxc6 Bd3 25. h4 Bb5 26. Qd6 Rbd8 27. Qe5 f6 28. Qc7 Rd7 29. Qb6 e5 30. c6 Rd6 31. Qc5 Rxc6 32. Qxd5+ Kh8 33.
dxe5 Rce6 34. f4 f5 35. Rd1 Bc6 36. Qc5 Kg8 37. Rd6 Be4 38. Qc4 Kf7 39. Qxa6 Rxd6 40. Qxd6 Re6 41. Qb4 Rg6 42. Qc4+ Kf8 43. Qc8+ Kf7 44.
Qd7+ 1-0

[Event "*** Titled Tuesday Blitz"]
[Site "Chess.com"]
[Date "2021.04.06"]
[Round "3"]
[White "KaterynaLagno"]
[Black "freshfoodcompany"]
[Result "1-0"]
[WhiteElo "2668"]
[BlackElo "2431"]
[TimeControl "180+1"]
[EndTime "10:28:04 PDT"]
[Termination "KaterynaLagno won by checkmate"]

1. e4 c6 2. Nc3 d5 3. Nf3 dxe4 4.
Nxe4 Nf6 5. Qe2 Nxe4 6. Qxe4 Qd5 7. Qf4 Be6 8. b3 Qd6 9. Qe3 Nd7 10. Bb2 Nf6 11.
Ne5 Ng4 12. Nxg4 Bxg4 13. h3 Bf5 14. O-O-O e6 15. g4 Bg6 16. f4 Qc5 17. Qxc5 Bxc5 18. Bxg7 Rg8 19. Bf6 Be4 20. Rh2 Bg1 21. Bd3 Bxh2 22.
Bxe4 Bxf4 23. Bxh7 Rf8 24. Rf1 Bd6 25. Bg7 Ke7 26.
Bxf8+ Rxf8 27. Be4 Rh8 28. Bg2 Ba3+ 29. Kb1 Rg8 30.
c3 f5 31. Bf3 fxg4 32. Bxg4 e5 33. Kc2 Bd6 34. b4 Rf8 35. Re1 Rf2 36. a4 Rh2 37. Kd3 Kf6 38. Rf1+ Ke7 39. Ke3 Bc7 40. Rf5 Bb6+ 41.
Kd3 Bc7 42. Rh5 e4+ 43. Kxe4 Rxd2 44. Rh7+ Kd6 45. Rd7# 1-0

[Event "*** Titled Tuesday Blitz"]
[Site "Chess.com"]
[Date "2021.04.06"]
[Round "3"]
[White "ega2006"]
[Black "szachuspl"]
[Result "1-0"]
[WhiteElo "2409"]
[BlackElo "2557"]
[TimeControl "180+1"]
[EndTime "10:28:04 PDT"]
[Termination "ega2006 won by resignation"]

1. e4 c5 2. Nf3 e6 3. Nc3 Nc6 4. d4 cxd4 5. Nxd4 Nf6 6. Nxc6 bxc6 7. Bd3 d5 8. O-O Be7 9. Qf3 O-O 10. Re1 d4 11. Ne2 e5 12. h3 Be6 13. Ng3 c5 14. b3 Re8 15. Nf5 Bf8 16. Bg5 h6 17. Nxh6+ gxh6 18. Bxf6 Qd7 19. Bxe5 f6 20. Qxf6 Bg7 21.
Qxg7+ Qxg7 22. Bxg7 Kxg7 23. f4 Rac8 24. f5 Bg8 25. e5 c4 26. f6+ Kf8 27. bxc4 Bxc4 28. Rab1 Bd5 29. Bg6 Bf7 30. Bxf7 Kxf7 31. Rb7+ Ke6 32.
Rxa7 Rxc2 33. Ra6+ Kf7 34. Rd6 Rb8 35. Rxd4 h5 36.
Rd7+ Ke6 37. Rd6+ Kf7 38. Rd7+ Ke8 39. Rg7 Kf8 40. e6 1-0

[Event "*** Titled Tuesday Blitz"]
[Site "Chess.com"]
[Date "2021.04.06"]
[Round "3"]
[White "PotapovaM"]
[Black "j2806"]
[Result "1-0"]
[WhiteElo "2490"]
[BlackElo "2155"]
[TimeControl "180+1"]
[EndTime "10:28:04 PDT"]
[Termination "PotapovaM won by checkmate"]

1. e4 c5 2. Nf3 d6 3. d4 cxd4 4. Nxd4 Nf6 5. Nc3 a6 6. Be3 e5 7. Nb3 Be6 8. f3 Nbd7 9. Qd2 Be7 10. O-O-O Qc7 11. g4 b5 12. Kb1 Rc8 13. g5 Nh5 14.
Nd5 Bxd5 15. exd5 O-O 16. Na5 Nb8 17. Rc1 Nf4 18. c4 bxc4 19. Bxc4 Qd7 20. h4 Qa4 21. b3 Qd7 22. Bxf4 exf4 23. Rhe1 f6 24. g6 h6 25. Nc6 Bd8 26. Qxf4 Kh8 27. Nd4 Bb6 28.
Nf5 Rce8 29. Nxd6 Rxe1 30. Rxe1 Bc7 31. Re6 Rd8 32. Nf7+ Kg8 33. Qe4 Rf8 34. Re7 Qc8 35.
Nxh6+ gxh6 36. d6+ Kh8 37. Rh7# 1-0

[Event "*** Titled Tuesday Blitz"]
[Site "Chess.com"]
[Date "2021.04.06"]
[Round "3"]
[White "beto-betun"]
[Black "Tekushka"]
[Result "1-0"]
[WhiteElo "2222"]
[BlackElo "2400"]
[TimeControl "180+1"]
[EndTime "10:28:04 PDT"]
[Termination "beto-betun won by checkmate"]

1. d4 Nf6 2. Nf3 g6 3. g3 c5 4. Bg2 Bg7 5. O-O cxd4 6. Nxd4 O-O 7. c4 Nc6 8. Nc3 Qa5 9. Nxc6 dxc6 10. Qc2 Qh5 11.
h4 h6 12. Rd1 g5 13. hxg5 hxg5 14. Qd2 Be6 15. Qxg5 Qxg5 16. Bxg5 Bxc4 17. b3 Be6 18. Rac1 Rfd8 19. e3 Kf8 20. Ne2 Nh7 21. Bf4 Bg4 22.
f3 Bf5 23. e4 Bg6 24. Be3 a5 25. Kf2 Rxd1 26. Rxd1 a4 27. Rd7 axb3 28. axb3 Ra2 29. Rd8# 1-0

[Event "*** Titled Tuesday Blitz"]
[Site "Chess.com"]
[Date "2021.04.06"]
[Round "3"]
[White "chessmadara"]
[Black "ama18"]
[Result "0-1"]
[WhiteElo "2190"]
[BlackElo "2496"]
[TimeControl "180+1"]
[EndTime "10:28:05 PDT"]
[Termination "ama18 won by resignation"]

1. e4 c5 2. Nf3 d6 3. d4 cxd4 4. Nxd4 Nf6 5. Nc3 a6 6. g3 Bd7 7. Bg2 Nc6 8. O-O Rc8 9. Be3 g6 10. Nd5 Bg7 11. Nf5 Bxf5 12. exf5 Nxd5 13. Qxd5 O-O 14. c3 b5 15. h4 Ne5 16. Bd4 Nc4 17. Bxg7 Kxg7 18. Qd4+ Kg8 19. h5 gxf5 20. h6 e5 21. Qd3 Qf6 22. b3 e4 23. Qe2 Ne5 24.
Qe3 Ng4 25. Qb6 Rxc3 26. Bh3 Qxh6 27. Bxg4 fxg4 28. Rad1 Rd3 29. Rde1 f5 30. Rc1 e3 31. Rc7 exf2+ 32. Qxf2 Qe3 33. Re1 Qxg3+ 34. Kf1 Rf3 0-1